Cogmind - Beta 13 @@@ ROGUE MODE // 2024.04.09 @ 10:53:26 Player: MO-55 Result: Destroyed by F7-B8P(R) with Subdweller Laser Performance ------------- Evolutions (0) 0 Regions Visited (2) 400 Robots Destroyed (24) 120 Value Destroyed (646) 646 Prototype IDs (12) 240 Alien Tech Used (0) 0 Bonus (0) 0 TOTAL SCORE: 1406 Bonus ------- None Cogmind --------- Core Integrity 0/250 Matter 144/300 Energy 280/280 System Corruption 0% Temperature Cool (6) Movement Walking (260) Ox2 Location -10/Subcaves Parts ------- > --- POWER (1) -------- Heavy Ion Engine > --- PROPULSION (2) --- Aluminum Leg Aluminum Leg > --- UTILITY (2) ------ High-capacity Storage Unit Light Armor Plating > --- WEAPON (2) ------- Light Cannon Battle Cannon > --- INVENTORY (20) --- Heavy Ion Engine Subdweller Power Source Meta Core Aluminum Leg Aluminum Leg Improved Flight Unit Improved Flight Unit Improved Flight Unit Improved Flight Unit Heat Sink Small Storage Unit Humpback Improved Terrain Scanner Makeshift Light Armor Plating Battle Rifle Barrage Gun Grenade Launcher Hammer Scrap Shield Fragment (46) Peak State ------------ > --- POWER ------------ Heavy Ion Engine > --- PROPULSION ------- Wheel Subdweller Monowheel > --- UTILITY ---------- High-capacity Storage Unit Improved Terrain Scanner > --- WEAPON ----------- Battle Cannon Grenade Launcher > --- INVENTORY -------- Heavy Ion Engine Heavy Ion Engine Meta Core Aluminum Leg Aluminum Leg Aluminum Leg Improved Flight Unit Improved Flight Unit Improved Flight Unit Improved Flight Unit Heat Sink Small Storage Unit Signal Interpreter Light Armor Plating Light Armor Plating Light Cannon Light Cannon Battle Cannon Hammer [Rating: 17] Favorites ----------- Power Heavy Ion Engine Engine Heavy Ion Engine Propulsion Wheel Leg Aluminum Leg Wheel Wheel Flight Unit Improved Flight Unit Utility High-capacity Storage Unit Device Improved Terrain Scanner Storage High-capacity Storage Unit Processor Signal Interpreter Protection Light Armor Plating Weapon Light Cannon Energy Gun Medium Laser Ballistic Gun Assault Rifle Ballistic Cannon Light Cannon Launcher Grenade Launcher Impact Weapon Hammer Build | -11 -10 -10 ------- Run | Yrd Mat Sub Slots Evolved . | . . . Power . | . . . Propulsion . | . . . Utility . | . . . Weapon . | . . . Parts Attached 44 | 8 13 23 Power 3 | 1 1 1 Engine 3 | 1 1 1 Core . | . . . Reactor . | . . . Propulsion 10 | 3 4 3 Treads . | . . . Leg 4 | 2 . 2 Wheel 5 | 1 3 1 Hover . | . . . Flight 1 | . 1 . Utility 20 | 2 4 14 Device 8 | 1 1 6 Storage 2 | 1 1 . Processor 1 | . . 1 Hackware . | . . . Protection 9 | . 2 7 Artifact . | . . . Weapon 11 | 2 4 5 Energy Gun 1 | 1 . . Energy Cannon . | . . . Ballistic Gun 2 | 1 1 . Ballistic Cannon 6 | . 2 4 Launcher 1 | . . 1 Special Weapon . | . . . Impact Weapon 1 | . 1 . Slashing Weapon . | . . . Piercing Weapon . | . . . Special Melee Weapon . | . . . Unidentified Prototypes 2 | . 2 . Parts Lost 7 | . . 7 Power 1 | . . 1 Propulsion 3 | . . 3 Utility 1 | . . 1 Weapon 2 | . . 2 Highest Loss Streak 2 | . . 2 To Critical Strikes . | . . . Average Slot Usage (%) 99 | . 100 99 Engine 14 | . 14 14 Leg 12 | . 8 13 Wheel 15 | . 19 14 Device 7 | . 9 6 Storage 14 | . 14 14 Protection 6 | . 4 6 Energy Gun 1 | . 5 . Ballistic Gun 4 | . 14 . Ballistic Cannon 22 | . 8 27 Naked Turns . | . . . Heaviest Build 57 | 12 56 57 Greatest Support 30 | 20 20 30 Greatest Overweight (x) 5 | . 2 5 Average Overweight (x) 1 | . 1 2 Largest Inventory Capacity 20 | 8 20 20 Average Capacity 18 | 7 16 20 Most Carried 20 | 7 20 20 Average Carried 16 | 4 13 18 Final Capacity 20 | 8 20 20 Final Carried 20 | 4 20 20 Class Distribution -------------------- 100% | Mutant Dominant Class ---------------- Mutant | -10/Materials Mutant | -10/Subcaves Resources | -11 -10 -10 ----------- Run | Yrd Mat Sub Matter Collected 1096 | 256 203 637 Remotely . | . . . Salvage Created 417 | 14 226 177 Parts 36 | 3 18 15 Haulers Intercepted . | . . . Recyclers Shooed . | . . . Parts Field Recycled . | . . . Retrieved Matter . | . . . Parts Self-Destructed 15 | . . 15 Prevented . | . . . Kills | -11 -10 -10 ------- Run | Yrd Mat Sub Combat Hostiles Destroyed 23 | . 9 14 Guns 6 | . 6 . Cannons 16 | . 3 13 AOE 1 | . . 1 Classes Destroyed 4 | 1 2 1 Tunneler 1 | 1 . . Swarmer 9 | . 5 4 Grunt 4 | . 4 . Subdweller 10 | . . 10 Best Kill Streak 4 | 1 3 4 Combat Bots Only 4 | . 3 4 Max Kills in Single Turn 1 | 1 1 1 Gunslinging . | . . . Exploded 1 | . . 1 Melee . | . . . Uniques/NPCs Destroyed . | . . . Combat | -11 -10 -10 -------- Run | Yrd Mat Sub Hostile Shots Fired 96 | . 28 68 Missed 27 | . 5 22 Damage Taken 1226 | . 270 956 Core 252 | . 48 204 Absorbed by Shields . | . . . Core Remaining (%) 100 | 100 . . Volleys Fired 88 | 1 22 65 Largest 2 | 2 2 2 Hottest 74 | 70 55 74 Shots Fired 145 | 2 39 104 Gun 19 | 2 17 . Cannon 120 | . 22 98 Launcher 6 | . . 6 Special . | . . . Kinetic 138 | 1 39 98 Thermal 1 | 1 . . Explosive 6 | . . 6 Electromagnetic . | . . . Robot Hit Streak 23 | 1 7 23 Robot Miss Streak 3 | . 2 3 Penetration Max . | . . . Secondary Targets . | . . . Shots Hit Robots 89 | 1 19 69 Core Hits 35 | 1 12 22 Critical Kills . | . . . Critical Parts Destroyed . | . . . Critical Strikes 2 | . . 2 Blast 2 | . . 2 Melee Attacks 1 | . 1 . Impact 1 | . 1 . Slashing . | . . . Piercing . | . . . Sneak Attacks . | . . . Combat Hostiles . | . . . Follow-up Attacks . | . . . Damage Inflicted 2034 | 22 276 1736 Guns 200 | 22 178 . Cannons 1338 | . 86 1252 Explosions 484 | . . 484 Melee . | . . . Ramming 12 | . 12 . Kinetic 1526 | 10 264 1252 Thermal 12 | 12 . . Explosive 484 | . . 484 Electromagnetic . | . . . Impact . | . . . Slashing . | . . . Piercing . | . . . Highest Corruption . | . . . Average Corruption . | . . . Corruption Purged . | . . . Corruption Blocked . | . . . Overload Shots . | . . . Overflow Damage . | . . . Projectiles . | . . . Explosions . | . . . Melee . | . . . Knockbacks 19 | . 1 18 Impact . | . . . Kinetic 19 | . 1 18 Secondary . | . . . Self-Inflicted Damage 8 | . 6 2 Shots 1 | . . 1 Rammed 1 | . 1 . Targets Rammed 1 | . 1 . Kicked . | . . . Crushed . | . . . Highest Temperature 267 | 30 81 267 Average Temperature 60 | 19 24 181 Received Heat Transfer 579 | . 72 507 Siege Activations . | . . . Robots Corrupted . | . . . Combat Hostiles . | . . . Parts Fried . | . . . Impact Corruptions . | . . . Robots Melted . | . . . Combat Hostiles . | . . . Parts Melted . | . . . Heat Transferred 37 | 37 . . Parts Sabotaged . | . . . Parts Stolen . | . . . Parts Stripped . | . . . Power Chain Reactions . | . . . Alert | -11 -10 -10 ------- Run | Yrd Mat Sub Peak Influence 158 | 5 158 . Initial 3 | . 3 . Average 49 | . 53 . Maximum Alert Level . | . . . Low Security (%) 100 | 100 100 . Level 1 . | . . . Level 2 . | . . . Level 3 . | . . . Level 4 . | . . . Level 5 . | . . . High Security . | . . . Max Security . | . . . Squads Dispatched 3 | . 3 . Investigation 2 | . 2 . Extermination . | . . . Reinforcement 1 | . 1 . Assault . | . . . Garrison . | . . . Intercept . | . . . Searches Triggered . | . . . Construction Impeded . | . . . Haulers Reinforced . | . . . Active Scanning Responses . | . . . Cargo Convoy Interrupts . | . . . Stealth | -11 -10 -10 --------- Run | Yrd Mat Sub Distress Signals . | . . . Communications Jammed . | . . . Distress Signals . | . . . Times Spotted 28 | . 12 16 Peak Tracking Total 4 | . 4 4 Tactical Retreats 2 | . 1 1 Traps | -11 -10 -10 ------- Run | Yrd Mat Sub Traps Triggered 4 | . 3 1 Indirectly . | . . . Trap Hack Attempts . | . . . Triggered . | . . . Disarmed . | . . . Reprogrammed . | . . . Reused . | . . . Traps Extracted . | . . . Installed . | . . . Triggered . | . . . Machines | -11 -10 -10 ---------- Run | Yrd Mat Sub Machines Disabled 1 | . . 1 Max in Single Turn 1 | . . 1 Machines Repaired . | . . . Machines Dismantled . | . . . Machines Sabotaged . | . . . Overloaded Fab Kills . | . . . Hacking | -11 -10 -10 --------- Run | Yrd Mat Sub Machines Accessed 7 | . 6 1 Terminals 6 | . 6 . Fabricators . | . . . Repair Stations . | . . . Recycling Units . | . . . Scanalyzers . | . . . Garrison Access . | . . . Total Hacks 22 | . 13 9 Successful 13 | . 4 9 Failed 9 | . 9 . Catastrophic 4 | . 4 . Database Lockouts . | . . . Manual 7 | . 7 . Terminals 13 | . 13 . Fabricators . | . . . Repair Stations . | . . . Recycling Units . | . . . Scanalyzers . | . . . Garrison Access . | . . . Terminal Hacks 11 | . 2 9 Record 8 | . . 8 Recall Reinforcements 1 | . 1 . Hauler Manifests 1 | . 1 . Derelict Proto ID Bank 1 | . . 1 Fabricator Hacks . | . . . Repair Station Hacks . | . . . Recycling Unit Hacks . | . . . Scanalyzer . | . . . Garrison Access Hacks . | . . . Unauthorized Hacks 2 | . 2 . Terminals 2 | . 2 . Botnet 2 | . 2 . Fabricators . | . . . Repair Stations . | . . . Recycling Units . | . . . Scanalyzers . | . . . Garrison Access . | . . . Data Cores Recovered . | . . . Used . | . . . Hacking Detections 5 | . 5 . Full Trace Events . | . . . Feedback Events . | . . . Feedback Blocked . | . . . Robot Schematics Acquired . | . . . Robots Built . | . . . Authchips . | . . . Time . | . . . Total Robot Build Rating . | . . . Part Schematics Acquired . | . . . Parts Built . | . . . Authchips . | . . . Time . | . . . Total Part Build Rating . | . . . Parts Repaired . | . . . Time . | . . . Parts Recycled . | . . . Recycled Matter . | . . . Retrieved Matter . | . . . Retrieved Components . | . . . Parts Scanalyzed . | . . . Part Schematics Acquired . | . . . Parts Damaged . | . . . Bothacking | -11 -10 -10 ------------ Run | Yrd Mat Sub Used RIF Installer . | . . . Robots Hacked . | . . . Non-combat . | . . . Combat . | . . . Robot Hacks Applied . | . . . Relay Couplers Released . | . . . Fabnet Peak Effective % . | . . . Robots Rewired . | . . . Allies Hacked . | . . . Hacks Repelled . | . . . Allies | -11 -10 -10 -------- Run | Yrd Mat Sub Total Allies . | . . . Largest Group . | . . . Highest-Rated Group . | . . . Highest-Rated Ally . | . . . Total Orders . | . . . Ally Attacks . | . . . Total Damage . | . . . Kills . | . . . Allies Corrupted . | . . . Allies Melted . | . . . Intel | -11 -10 -10 ------- Run | Yrd Mat Sub Robot Analysis Total . | . . . Derelict Logs Recovered 1 | . . 1 Drone Launches . | . . . Drone Recoveries . | . . . Exploration | -11 -10 -10 ------------- Run | Yrd Mat Sub Turns Passed 2959 | 62 767 2130 Spaces Moved 1632 | 43 560 1029 Core 14 | 14 . . Treads . | . . . Legs 492 | 21 191 280 Wheels 1126 | 8 369 749 Hover . | . . . Flight . | . . . Fastest Speed 50 | 50 110 107 Average Speed 141 | 93 113 158 Slowest Speed 260 | 120 120 260 Overloaded Moves . | . . . Propulsion Burnouts . | . . . Robots Hopped . | . . . Cave-ins Triggered . | . . . Exploration Rate (%) 51 | 4 96 55 Regions Visited 2 Branch Regions 1 Pre-discovered Areas . | . . . Known Exits Taken . | . . . Unknown Exits Taken 2 | 1 1 . Scrap Searched 1 | . . 1 Spaces Dug 1 | . 1 . Terrain Destroyed 34 | . 1 33 Melee 1 | . 1 . Projectile . | . . . AOE 33 | . . 33 Terrain Rammed . | . . . Walls Destroyed . | . . . Machines Disabled . | . . . Actions | -11 -10 -10 --------- Run | Yrd Mat Sub Total 2131 | 61 648 1422 Wait 311 | . 23 288 Move 1630 | 42 559 1029 Hop . | . . . Pick Up 42 | 9 21 12 Fast Attach 5 | 3 2 . Attach 11 | 4 . 7 Detach 1 | . 1 . Swap 28 | 1 11 16 Drop 13 | 1 7 5 Fire 88 | 1 22 65 Melee 1 | . 1 . Ram 1 | . 1 . Kick . | . . . Crush . | . . . Escape Stasis . | . . . Rewire . | . . . Trap . | . . . Miscellaneous . | . . . Route ------- -11/Scrapyard -10/Materials (discovered 5 exits: [*Mat x3] / [*Min] / *Sub) -10/Subcaves (discovered 2 exits: *Mat x2) History --------- Turn | Location | Event 9 | -11/Scrapyard | Discovered new exit (range 14) 63 | -11/Scrapyard | Entered Materials 96 | -10/Materials | Discovered new exit (range 16) 283 | -10/Materials | Discovered new exit (range 14) 327 | -10/Materials | Build established: Mutant 435 | -10/Materials | Discovered new exit (range 11) 483 | -10/Materials | Discovered new exit (range 3) 723 | -10/Materials | Discovered new exit (range 13) 830 | -10/Materials | Entered Subcaves 893 | -10/Subcaves | Discovered new exit (range 11) 898 | -10/Subcaves | Shifting Twisted Machinery released Battle Cannon 905 | -10/Subcaves | Shifting Twisted Machinery released Battle Cannon 1024 | -10/Subcaves | Visited 4L-MR0's lab 1042 | -10/Subcaves | Found Meta Core 1282 | -10/Subcaves | Ambushed by Subdweller buried in earth 1289 | -10/Subcaves | Core integrity fell below 50% 1532 | -10/Subcaves | A swath of the cavern ceiling suddenly collapsed 1559 | -10/Subcaves | Discovered new exit (range 5) 1569 | -10/Subcaves | Identified exit to Materials 1662 | -10/Subcaves | A swath of the cavern ceiling suddenly collapsed 2012 | -10/Subcaves | Learned Materials stockpile data 2472 | -10/Subcaves | Shifting Twisted Machinery released Barrage Gun 2481 | -10/Subcaves | Shifting Twisted Machinery released Mak. Light Armor Plating 2590 | -10/Subcaves | Core integrity fell below 20% 2960 | -10/Subcaves | Destroyed by F7-B8P(R) with Subdweller Laser Last Messages --------------- 02573_ Hvy. Ion Engine destroyed. 02579_ Critical hit (Meltdown: +270). 02582_ EG-0IP(R) destroyed. 02588_ 29-0H7(R) affixes Scrap Shield Fragment to Scrap Shield. 02591_ 29-0H7(R) destroyed. 02593_ Subatomizers dissect the Disposable Heat Sink. 02594_ Acquired 26 matter. 02596_ Acquired 35 matter. 02599_ Acquired 10 matter. 02602_ Acquired 3 matter. 02607_ Subatomizers dissect the Disposable Heat Sink. 02612_ Acquired 4 matter. 02615_ Acquired 1 matter. 02617_ Acquired 4 matter. 02622_ Subatomizers dissect the Disposable Heat Sink. 02625_ Dropped Sub. Laser. 02628_ Acquired Battle Rifle. 02634_ Acquired Humpback. 02642_ Subatomizers dissect the Disposable Heat Sink. 02937_ F7-B8P(R): "SUBMAD!" Map ----- +----------------------------------------------------+ | ?????????????????????????????????? ????#### | | ????????????????????????????????????##??## | | ???????????????????#??????????????#???#?# ## | | ?????????????????#?# ?????????????##### ### | | ????????????????? # ??????????#### ## ### | | ?????????????????? ##????????# ## ## | | ??????????????????? ????????# ## | | ????????????#???????# ????????# | | ???????????? ??????## ????????# | | ???????????? ??????# ####??#?### | | ??????????## ??????# ######## | | ??????????# ??????# # ## | | ??????????# ??????# ##### | | ??????????# #?????### # # ### ##??# | | ??????????# #???????## ####### ##?# ##? | | ??????????# ##???????### ###???###??# ## | | ?????????## ##????????## ####?????## #### | | ?????????# #?????????# ##?????# #?### | | ??????????# ##????????# ### #####?# #??## | | #??????????# ##????#### #### ### #???? | | ???????????# ##?????# R #### ## #???? | | ?????????### *& ##??#?# #??##### ####?? | | ????????## ##???## #### ### # ### #?? | | ????????# ###?# ## ######### #?? | | ????????# ## #### ##?#?## ### | | ????????# ### ###@ ##??## # | | ????????# #### ##?# | | ????????# ### ###### | | ????????# ## ; ##??# ## | | ????????# "" ######; #### #? | | ??###???# "" #??# #;## ## | | ###"###### "" ##?? #;"# ## | | """""## #"" #####??#####"# ### | | ###"#" """##?#????# #### ; #?## ### | | #?##"# """"#??????? #??##;##??## ### | | ??# # ##"<"#???????## #???#;# #?## # | | ??# "##"""" ?????? ""?##### ## # | | ??## ""##" "? ? ????"??# # ## | | ???#"""##" ####?? "% ?"???#?? ## #### #? | | ???#"""##" ##?##?? " ?#???????# ##??# ##? | | ???######" ###?????### ???#?????## #??## ####?? | | ??##??????##??????????###???#????#?####?#?###????? | | ??????????????#??#???????????????????????##??????? | | ????????????????????#??????#?????????#?????????#?? | | ????????????????????#????#?##???????#????????????? | | ?????????????????????????????????????????????????? | | ????????????????????????#???#?????????????#??????? | | ??#??????????#????#???#?#????????#???????????????? | | ??????????#???????????#????????#???????????#?????? | | ?????????????????????????????????????????????????? | +----------------------------------------------------+ Best States ------------- Heat Dissipation 25 Energy Generation 14 Energy Capacity 280 Matter Stores 300 Matter Capacity 300 Sight Range 16 Terrain Scan Range 16 Terrain Scan Density 10 Armor Coverage 150 Evasion (%) 55 Item Schematics ----------------- None Robot Schematics ------------------ None Fabricated ------------ Nothing Alien Tech Used ----------------- None Achievements -------------- None Challenges ------------ None Game ------ Seed ChargeAerolevShredder Manual? 0 Play Time 00:28:31 Cumulative 68.5 hours Start 2024.04.09 @ 10:26:15 End 2024.04.09 @ 10:53:26 Sessions 1 Manual Loads 0 Difficulty Rogue Special Mode None Game No. 58 Rogue 58 Adventurer 0 Explorer 0 Win Type - Total 1 Types 1/0/0/0/0/0/0/0/0 Lore% 36 Gallery% 49 Achievement% 43 Wizard Run 0 Options --------- Layout 0 ASCII 0 Keyboard 0 Movement Mouse Keybinds 0 Fullscreen 2 Font 24/Smallcaps Map View 76x50 Zoom Use 0% Tactical HUD 1 Map Filters NONE Filters NONE Steam 1 RUN: 45cbfda7-5677-4dd9-b524-0abaaf9d8b01